 Dungeon Crawl Stone Soup version 0.31-a0-986-g5e6e4ef867 (webtiles) character file.

Game seed: 15414298121212344049

6 avis the Charlatan (level 1, 0/9 HPs)
             Began as a Felid Artificer on Nov 12, 2023.
             Slain by a hobgoblin (3 damage)
             ... on level 1 of the Dungeon.
             The game lasted 00:02:15 (318 turns).

avis the Charlatan (Felid Artificer)                 Turns: 318, Time: 00:02:16

Health: 0/9        AC:  1    Str:  8    XL:     1   Next: 75%
Magic:  2/2        EV: 18    Int: 12    God:
Gold:   31         SH:  0    Dex: 16    Spells: 0/0 levels left
                                        Lives:  0   Deaths: 1

rFire   . . .        (weapon unavailable)
rCold   . . .        (shield unavailable)
rNeg    . . .        (body armour unavailable)
rPois   .            (helmet unavailable)
rElec   .            (cloak unavailable)
rCorr   .            (gloves unavailable)
SInv    +            (boots unavailable)
Will    .....        (no amulet)
Stlth   ++           (no ring)
HPRegen 0.21/turn    (no ring)
MPRegen 0.08/turn

%: no passive effects
@: quick
A: very small, claws 1, fangs 3, see invisible, speed 1, shaggy fur 1, stealthy
paws, no weapons or thrown items, no armour, multi-lived
a: no special abilities


You were on level 1 of the Dungeon.
You visited 1 branch of the dungeon, and saw 1 of its levels.

You collected 31 gold pieces.

Inventory:

Wands
 a - a wand of flame (15) (quivered)
 b - a wand of charming (15)
 c - a wand of iceblast (5)
Scrolls
 d - 2 scrolls of identify {unknown}
Potions
 e - 2 potions of mutation {unknown}


   Skills:
 * Level 1.9 Fighting
 - Level 3.2 Dodging
 - Level 1.3 Stealth
 - Level 3.2 Evocations


You couldn't memorise any spells.
You didn't know any spells.
Your spell library was empty.

Dungeon Overview and Level Annotations

Branches:
Dungeon (1/15)

Altars:


Innate Abilities, Weirdness & Mutations

You have sharp claws.
You have razor-sharp teeth.
You have supernaturally acute eyesight. (SInv)
You cover ground quickly. (Speed+)
You are covered in fur. (AC +1)
Your paws help you pounce on unaware monsters.
You are incapable of wielding weapons or throwing items.
You cannot wear armour.
You gain extra lives every three experience levels.


Message History

The bat closely misses you. The bat closely misses you.
You scratch the bat.
The bat is moderately wounded.
The bat misses you. The bat misses you.
You barely miss the bat.
The bat is moderately wounded.
The bat closely misses you. The bat completely misses you.
The bat barely misses you.
You miss the bat.
The bat is moderately wounded.
The bat completely misses you.
You scratch the bat but do no damage.
The bat is moderately wounded.
The bat hits you. The bat barely misses you. x2
You barely miss the bat.
The bat is moderately wounded.
The bat completely misses you. The bat barely misses you.
You scratch the bat.
The bat is heavily wounded.
The bat barely misses you. x2
You scratch the bat.
You kill the bat!
Found 2 fizzy coppery potions.
e - 2 fizzy coppery potions You open the door.
A hobgoblin and a bat come into view.
There is an open door here.
The helpless bat fails to defend itself.
You scratch the bat.
You kill the bat!
The hobgoblin hits you.
You barely miss the hobgoblin. The hobgoblin hits you.
You scratch the hobgoblin.
The hobgoblin is moderately wounded.
The hobgoblin hits you.
You die...

#.###..####.#....#
.†..........##.##.#
#.############.#
#.# #.# #.####
##'## .....#
##...## #.##.#
##.....## #.##.##
##.......## ......
#......@..# #......
+......g..+ #.#...#
#.........# †....#
##.......## #.##.#
##.....## # ##...##
##+##


You could see a hobgoblin.

Vanquished Creatures
  A ball python (D:1)
  4 bats (D:1)
  2 rats (D:1)
7 creatures vanquished.

Notes
Turn   | Place    | Note
-------+----------+-------------------------------------------
     0 | D:1      | avis the Felid Artificer began the quest for the Orb.
     0 | D:1      | Reached XP level 1. HP: 9/9 MP: 2/2
   236 | D:1      | Slain by a gnoll
   318 | D:1      | Slain by a hobgoblin

Illustrated notes

Levels and vault maps discovered:
D:1:      tarquinn_simple_flora_water_b, layout_loops_corners,
          ebering_ecumenical_altar_hall, serial_glass, glass_columns_a,
          glass_columns_a, feat_on_display, feat_on_display, feat_on_display

Action                     || total
---------------------------++-------
  Melee: Unarmed           ||    42
         Bite              ||     3
   Stab: Sleeping          ||     2
 Armour: Skin              ||    17
  Dodge: Dodged            ||    52

Table legend: (Time is in decaauts)
 A = Elapsed time spent in this place.
 B = Non-inter-level travel time spent in this place.
 C = Inter-level travel time spent in this place.
 D = Time resting spent in this place.
 E = Time spent auto-exploring this place.
 F = Levels seen in this place.
 G = Mean time per level.
                   A        B        C        D        E       F      G
               +--------+--------+--------+--------+--------+-----+--------+
         Total |    265 |    265 |      0 |      0 |    130 |   1 |  265.0 |
       Dungeon |    265 |    265 |      0 |      0 |    130 |   1 |  265.0 |
               +--------+--------+--------+--------+--------+-----+--------+

Top non-repeatable levels by time:
     D:1: 265 daAuts
